 Dungeon Crawl Stone Soup version 0.26-a0-682-g294304f6e8 (webtiles) character file.

Game seed: 1774994716752020346

131 MordorOrchid the Chiller (level 5, 0/37 HPs)
             Began as a Gnoll Ice Elementalist on Oct 21, 2020.
             Was a Follower of Cheibriados.
             Splashed by Ijyb's acid (15 damage)
             ... on level 3 of the Dungeon.
             The game lasted 00:10:32 (1294 turns).

MordorOrchid the Chiller (Gnoll Ice Elementalist)   Turns: 1294, Time: 00:10:33

Health: 0/37       AC:  9    Str: 12    XL:     5   Next: 14%
Magic:  6/12       EV: 13    Int: 20    God:    Cheibriados [*.....]
Gold:   184        SH:  0    Dex: 18    Spells: 7/14 levels left

rFire    . . .     SeeInvis .   b - +0 short sword
rCold    + . .     Faith    .   (no shield)
rNeg     . . .     Spirit   .   i - +1 ring mail {rC+}
rPois    .         Reflect  .   (no helmet)
rElec    .         Harm     .   (no cloak)
rCorr    .         Rampage  .   q - +1 pair of gloves
MR       .....                  m - +0 pair of boots
Stlth    ++........             (no amulet)
HPRegen  0.12/turn              (no ring)
MPRegen  0.13/turn              (no ring)

@: icy armour, corroded, very slow
A: distributed training, fangs 1, strong nose
a: Bend Time, Renounce Religion


You were on level 3 of the Dungeon.
You worshipped Cheibriados.
Cheibriados was aware of your devotion.
You visited 1 branch of the dungeon, and saw 3 of its levels.

You collected 184 gold pieces.

Inventory:

Hand Weapons
 b - a +0 short sword (weapon)
Missiles
 d - 55 stones (quivered)
 r - 3 silver boomerangs
Armour
 a - a +0 robe
 i - a +1 ring mail of cold resistance (worn)
 m - a +0 pair of boots (worn)
 q - a +1 pair of gloves (worn)
Wands
 k - a wand of acid (5)
Scrolls
 c - 3 scrolls of identify {unknown}
 f - a scroll of immolation {unknown}
 g - a scroll of remove curse {unknown}
 h - a scroll of enchant weapon {unknown}
 o - a scroll of fear {unknown}
Potions
 e - 2 potions of heal wounds {unknown}
 j - a potion of stabbing {unknown}
 l - a potion of curing {unknown}
 n - 2 potions of invisibility {unknown}
 p - a potion of lignification {unknown}


   Skills:
 + Level 1.4 Fighting
 + Level 1.4 Short Blades
 + Level 1.4 Long Blades
 + Level 1.4 Axes
 + Level 1.4 Maces & Flails
 + Level 1.4 Polearms
 + Level 1.4 Staves
 + Level 1.4 Slings
 + Level 1.4 Bows
 + Level 1.4 Crossbows
 + Level 1.4 Throwing
 + Level 1.4 Armour
 + Level 4.7 Dodging
 + Level 4.3 Stealth
 + Level 1.4 Shields
 + Level 1.4 Unarmed Combat
 + Level 5.1 Spellcasting
 + Level 1.1 Conjurations
 + Level 1.1 Hexes
 + Level 1.1 Summonings
 + Level 1.1 Necromancy
 + Level 1.1 Translocations
 + Level 1.1 Transmutations
 + Level 1.1 Fire Magic
 + Level 7.2 Ice Magic
 + Level 1.1 Air Magic
 + Level 1.1 Earth Magic
 + Level 1.1 Poison Magic
 + Level 1.5 Invocations
 + Level 1.4 Evocations


You had 7 spell levels left.
You knew the following spells:

 Your Spells              Type           Power        Failure   Level
a - Freeze                Ice            ####         1%          1
b - Frozen Ramparts       Ice            ####..       4%          3
y - Ozocubu's Armour      Ice            ####....     4%          3

Your spell library contained the following spells:

 Spells                   Type           Power        Failure   Level
 Hailstorm                Conj/Ice       ###.....     41%         4
 Summon Ice Beast         Ice/Summ       ###.....     41%         4


Dungeon Overview and Level Annotations

Branches:
Dungeon (3/15)

Altars:
Cheibriados
Qazlal

Annotations:
D:3 Ijyb


Innate Abilities, Weirdness & Mutations

Your experience applies equally to all skills.
You have very sharp teeth.
Your uncanny sense of smell can sniff out nearby items.


Message History

Ijyb hits you with a +0 dagger.
Casting: Freeze (safe; 1% risk of failure)
Confirm with . or Enter, or press ? or * to list all spells.
Aiming: Freeze (safe; 1% risk of failure)
Press: ? - help, Shift-Dir - straight line, f/p - Ijyb
Aim: Ijyb, wielding a +0 dagger, wearing a +0 ring mail and carrying a wand of acid (8) (heavily wounded)
You freeze Ijyb.
Ijyb is heavily wounded.
Ijyb zaps a wand.
The bolt of acid misses you.
Casting: Freeze (safe; 1% risk of failure)
Confirm with . or Enter, or press ? or * to list all spells.
Aiming: Freeze (safe; 1% risk of failure)
Press: ? - help, Shift-Dir - straight line, f/p - Ijyb
Aim: Ijyb, wielding a +0 dagger, wearing a +0 ring mail and carrying a wand of acid (7) (heavily wounded)
You freeze Ijyb.
Ijyb is severely wounded.
Ijyb zaps a wand.
The bolt of acid hits you!!
Ouch! That really hurt!
The acid corrodes you!
You are splashed with acid!
You die...

#....# #.....# ###### #.....##
##########......#
#.......##......#
#.......##......#
#.......##......#
#.......##......#.
################.......###+###...
...............'@......+ #.....
###.############.g.....# #.#.####
#.# #.......# #.#.#### #.#
#.......# #.#..... #.# #.......#
#.###### #.# ........# #.. #.#
######### #..##### ###'###
#....... ......# #...####


You could see Ijyb.

Vanquished Creatures
  An orc priest (D:3)
  3 adders (D:2)
  A worm (D:2)
  A dart slug (D:3)
  4 orcs (D:3)
  A ball python (D:1)
  4 giant cockroaches
  8 goblins
  8 hobgoblins
  6 jackals (D:2)
  7 bats
  4 frilled lizards
  4 kobolds
  11 rats
63 creatures vanquished.

Notes
Turn   | Place    | Note
-------+----------+-------------------------------------------
     0 | D:1      | MordorOrchid the Gnoll Ice Elementalist began the quest for
                  | the Orb.
     0 | D:1      | Reached XP level 1. HP: 13/13 MP: 6/6
    98 | D:1      | Reached XP level 2. HP: 18/19 MP: 4/7
   406 | D:1      | Reached XP level 3. HP: 25/25 MP: 6/9
   423 | D:1      | Learned a level 3 spell: Frozen Ramparts
   427 | D:1      | Learned a level 3 spell: Ozocubu's Armour
   499 | D:2      | Reached skill level 5 in Spellcasting
   564 | D:2      | Found a snail-covered altar of Cheibriados.
   572 | D:2      | Reached skill level 1 in Invocations
   586 | D:2      | Became a worshipper of Cheibriados the Contemplative
   717 | D:2      | Reached skill level 1 in Fighting
   717 | D:2      | Reached skill level 1 in Short Blades
   717 | D:2      | Reached skill level 1 in Long Blades
   717 | D:2      | Reached skill level 1 in Axes
   717 | D:2      | Reached skill level 1 in Maces & Flails
   717 | D:2      | Reached skill level 1 in Polearms
   717 | D:2      | Reached skill level 1 in Staves
   717 | D:2      | Reached skill level 1 in Slings
   717 | D:2      | Reached skill level 1 in Bows
   717 | D:2      | Reached skill level 1 in Crossbows
   717 | D:2      | Reached skill level 1 in Throwing
   717 | D:2      | Reached skill level 1 in Armour
   717 | D:2      | Reached skill level 1 in Shields
   717 | D:2      | Reached skill level 1 in Unarmed Combat
   717 | D:2      | Reached skill level 1 in Evocations
   773 | D:2      | Reached XP level 4. HP: 32/32 MP: 8/11
   973 | D:3      | Reached skill level 1 in Conjurations
   973 | D:3      | Reached skill level 1 in Hexes
   973 | D:3      | Reached skill level 1 in Summonings
   973 | D:3      | Reached skill level 1 in Necromancy
   973 | D:3      | Reached skill level 1 in Translocations
   973 | D:3      | Reached skill level 1 in Transmutations
   973 | D:3      | Reached skill level 1 in Fire Magic
   973 | D:3      | Reached skill level 1 in Air Magic
   973 | D:3      | Reached skill level 1 in Earth Magic
   973 | D:3      | Reached skill level 1 in Poison Magic
  1113 | D:3      | Reached * piety under Cheibriados
  1113 | D:3      | Reached XP level 5. HP: 21/37 MP: 6/12
  1203 | D:3      | Found a stormy altar of Qazlal.
  1287 | D:3      | Noticed Ijyb
  1294 | D:3      | Splashed by Ijyb's acid

Illustrated notes

Levels and vault maps discovered:
D:1:      eino_arrival_cavern_a, layout_basic
D:2:      layout_basic, lemuel_round_altar, chequers_serial_rivers_micro_b
D:3:      layout_basic, nicolae_qazlal_general_emergency,
          gammafunk_ghost_necromancy, uniq_ijyb

Skill      XL: |  1  2  3  4 |
---------------+-------------+-----
Spellcasting   | 5 |  5.1
Invocations    | 1 |  1.5
Fighting       | 1 |  1.4
Short Blades   | 1 |  1.4
Long Blades    | 1 |  1.4
Axes           | 1 |  1.4
Maces & Flails | 1 |  1.4
Polearms       | 1 |  1.4
Staves         | 1 |  1.4
Slings         | 1 |  1.4
Bows           | 1 |  1.4
Crossbows      | 1 |  1.4
Throwing       | 1 |  1.4
Armour         | 1 |  1.4
Shields        | 1 |  1.4
Unarmed Combat | 1 |  1.4
Evocations     | 1 |  1.4
Conjurations   | 1 |  1.1
Hexes          | 1 |  1.1
Summonings     | 1 |  1.1
Necromancy     | 1 |  1.1
Translocations | 1 |  1.1
Transmutations | 1 |  1.1
Fire Magic     | 1 |  1.1
Air Magic      | 1 |  1.1
Earth Magic    | 1 |  1.1
Poison Magic   | 1 |  1.1
Dodging        | |  4.7
Stealth        | |  4.3
Ice Magic      | |  7.2

Action                   |  1- 3 |  4- 6 || total
-------------------------+-------+-------++-------
Melee: Short sword       |    20 |     9 ||    29
 Cast: Freeze            |    27 |     9 ||    36
       Frozen Ramparts   |     5 |     9 ||    14
       Ozocubu's Armour  |       |     1 ||     1
 Stab: Sleeping          |     8 |     3 ||    11
Armor: Robe              |     2 |       ||     2
       Ring mail         |     5 |    13 ||    18
Dodge: Dodged            |    28 |    20 ||    48

Table legend: (Time is in decaauts)
 A = Elapsed time spent in this place.
 B = Non-inter-level travel time spent in this place.
 C = Inter-level travel time spent in this place.
 D = Time resting spent in this place.
 E = Time spent auto-exploring this place.
 F = Levels seen in this place.
 G = Mean time per level.
                   A        B        C        D        E       F      G
               +--------+--------+--------+--------+--------+-----+--------+
         Total |   1498 |   1357 |    141 |      0 |      0 |   3 |  499.3 |
       Dungeon |   1498 |   1357 |    141 |      0 |      0 |   3 |  499.3 |
               +--------+--------+--------+--------+--------+-----+--------+

Top non-repeatable levels by time:
     D:2: 569 daAuts
     D:3: 464 daAuts
     D:1: 464 daAuts
